 Dungeon Crawl Stone Soup version 0.20.1-1-g8b1a95d (webtiles) character file.

779963 ponchio the Slayer (level 27, 0/175 HPs)
             Began as a Gargoyle Fighter on Dec 29, 2017.
             Was an Elder of Qazlal.
             Killed by divine providence
             ... invoked by a balrug
              (10 damage)
             ... in Pandemonium on Jan 2, 2018.
             The game lasted 11:02:21 (106950 turns).

ponchio the Slayer (Gargoyle Fighter)             Turns: 106950, Time: 11:02:22

Health: 0/175      AC: 39    Str: 25      XL:     27
Magic:  31/31      EV: 31    Int:  7 (8)  God:    Qazlal [****..]
Gold:   9076       SH: 29    Dex: 15 (16) Spells: 26/26 levels left

rFire    + + +     SeeInvis .   Y - +4 demon whip (elec)
rCold    + + .     Gourm    .   L - +5 shield {reflect}
rNeg     + + +     Faith    .   M - +4 ring mail "Wigy" {+Fly rElec rPois Stlth+}
rPois    ∞         Spirit   .   n - +2 helmet
rElec    +         Reflect  +   Q - scarf {rC+ rF+}
rCorr    +         Harm     .   V - +0 pair of gloves of Ijaffi {*Drain MR++ Regen+ rCorr}
MR       +++++     Rnd*Rage +   U - +2 pair of boots of the Assassin {Detection Stab+ Stlth++} Stlth +++.......NoTele +
                                y - amulet of Attitude {-Tele rF+ rN++ Regen+ Stlth+}
Regen    0.0/turn               Z - ring of protection from cold
MPRegen  0.3/turn               I - ring of protection from magic

@: mighty, agile, flying, repel missiles
A: big wings, berserk 2, clumsy 2, deformed body, deterioration 2, dopey 2, fire
resistance 1, frail 1, low mp 2, negative energy resistance 1, screaming 1,
electricity resistance, inhibited regeneration, teleportitis 1, weak 2,
unbreathing, petrification resistance, no potion heal 2, rot immunity, subdued
magic 1, MP-powered wands, sturdy frame 1, AC +20
}: 4/15 runes: decaying, serpentine, slimy, silver
a: Stop Flying, Upheaval, Elemental Force, Renounce Religion


You were in Pandemonium.
You worshipped Qazlal.
Qazlal was greatly pleased with you.
You were not hungry.

You visited 18 branches of the dungeon, and saw 65 of its levels.
You visited Pandemonium 1 time, and saw 4 of its levels.
You also visited: Ice Cave.

You collected 10133 gold pieces.
You spent 1057 gold pieces at shops.

Inventory:

Hand Weapons
 a - a +1 demon trident
 h - a +0 demon trident
 v - the +8 triple sword "Nifoif" {slice, rF+ Str-5 Dex+6 SInv}
   (You found it in Pandemonium)

   It inflicts extra damage upon your enemies.
   It affects your strength (-5).
   It affects your dexterity (+6).
   It protects you from fire.
   It lets you see invisible.
 Y - a +4 demon whip of electrocution (weapon)
Armour
 c - the +2 shield "Ujeure" {rElec rF+ rC+ Int+2}
   (You acquired it in Pandemonium)

   It affects your intelligence (+2).
   It protects you from fire.
   It protects you from cold.
   It insulates you from electricity.
 n - a +2 helmet (worn)
 L - a +5 shield of reflection (worn)
 M - the +4 ring mail "Wigy" (worn) {+Fly rElec rPois Stlth+}
   (You found it on level 11 of the Dungeon)

   It insulates you from electricity.
   It protects you from poison.
   It lets you fly.
   It makes you more stealthy.
 Q - a scarf of resistance (worn)
 U - the +2 pair of boots of the Assassin (worn) {Detection Stab+ Stlth++}
   (You found it on level 3 of the Elven Halls)

   It makes you much more stealthy.
 V - the +0 pair of gloves of Ijaffi (worn) {*Drain MR++ Regen+ rCorr}
   (You acquired it on level 5 of the Depths)

   It affects your resistance to hostile enchantments.
   It increases your rate of regeneration.
   It protects you from acid and corrosion.
   It causes draining when unequipped.
Jewellery
 y - the amulet of Attitude (around neck) {-Tele rF+ rN++ Regen+ Stlth+}
   (You found it on level 4 of the Vaults)

   [amulet of regeneration]

   It protects you from fire.
   It greatly protects you from negative energy.
   It prevents most forms of teleportation.
   It increases your rate of regeneration.
   It makes you more stealthy.
 A - an uncursed ring of protection from cold
 D - an uncursed amulet of guardian spirit
 H - an uncursed ring of see invisible
 I - a ring of protection from magic (right hand)
 Z - a ring of protection from cold (left hand)
Wands
 s - a wand of iceblast (6/15)
 C - a wand of iceblast (11/15)
Scrolls
 e - 12 scrolls of identify
 i - 9 scrolls of fear
 j - 8 scrolls of blinking
 k - 7 scrolls of holy word
 m - 7 scrolls of magic mapping
 o - 12 scrolls of recharging
 q - 28 scrolls of remove curse
 w - 26 scrolls of teleportation
Potions
 d - 7 potions of might
 l - 3 potions of cancellation
 p - 4 potions of ambrosia
 u - 3 potions of agility
 z - a potion of magic
 N - 3 potions of berserk rage
 O - 2 potions of resistance
Books
 t - a book of Flames

   Spells                             Type                      Level
   a - Flame Tongue                   Conjuration/Fire             1
   b - Throw Flame                    Conjuration/Fire             2
   c - Conjure Flame                  Conjuration/Fire             3
   d - Inner Flame                    Hexes/Fire                   3
   e - Sticky Flame                   Conjuration/Fire             4
   f - Fireball                       Conjuration/Fire             5
Miscellaneous
 g - a fan of gales
 G - 2 phantom mirrors
Comestibles
 b - 24 meat rations
 f - 25 bread rations
 E - 27 royal jellies


   Skills:
 + Level 25.8 Fighting
 + Level 23.8 Maces & Flails
 - Level 13.9 Armour
 + Level 21.0 Dodging
 + Level 24.4 Shields
 + Level 23.9 Invocations
 - Level 4.0 Evocations


You had 26 spell levels left.
You didn't know any spells.

Dungeon Overview and Level Annotations

Branches:
Dungeon (15/15)            Temple (1/1) D:5            Lair (6/6) D:11
  Swamp (4/4) Lair:3        Snake (4/4) Lair:3        Slime (5/5) Lair:5
    Orc (2/2) D:9             Elf (3/3) Orc:2        Vaults (5/5) D:14
  Crypt (3/3) Vaults:2       Tomb (2/3) Crypt:3      Depths (5/5) D:15
   Hell (1/1)                 Dis (1/7) Hell            Geh (1/7) Hell
    Coc (2/7) Hell            Tar (1/7) Hell            Zot (4/5) Depths:5

Altars:
Ashenzari
Cheibriados
Dithmenos
Elyvilon
Fedhas
Gozag
Hepliaklqana
Kikubaaqudgha
Makhleb
Nemelex Xobeh
Okawaru
Qazlal
Ru
Sif Muna
Trog
Uskayaw
Vehumet
Xom
Yredelemnul
Zin
The Shining One

Shops:
D:8 =   D:9 *   D:14 }   Orc:2 :=%}   Elf:3 %   Snake:1 ==}   Vaults:2 *
Depths:1 :

Portals:
Hell: Depths:1 Depths:2 Depths:3 Depths:4 Depths:5
Abyss: Depths:3 Depths:4
Pandemonium: Depths:3
Ziggurat: Depths:4
Trove: D:15 (give +8 demon trident)

Annotations:
D:10 1 runed door
Tomb:2 Khufu


Innate Abilities, Weirdness & Mutations

You are resistant to torment.
Your stone body is resilient. (AC +20)
You are immune to poison.
Your large and strong wings let you fly indefinitely.
You resist negative energy. (rN+)
You are resistant to electric shocks. (rElec)
You can survive without breathing.
You are immune to petrification.
You are immune to rotting.
You often lose your temper in combat.
You are very clumsy. (Dex -4)
Armour fits poorly on your strangely shaped body.
Your body often deteriorates upon taking damage.
You are very dopey. (Int -4)
Your flesh is heat resistant. (rF+)
You are frail. (-10% HP)
Your magical capacity is very low. (-20% MP)
You occasionally shout uncontrollably at your foes.
You do not regenerate when monsters are visible.
You are occasionally teleported next to monsters.
You are very weak. (Str -4)
Potions are poor at restoring your health.
Your spells are a little easier to cast, but a little less powerful.
You expend magic power (3 MP) to strengthen your wands.
Your movements are slightly less encumbered by armour. (ER -2)


Message History

The red devil completely misses you.
You bump into the wall of the weird stuff which makes up Pandemonium.
You bump into the wall of the weird stuff which makes up Pandemonium.
The red devil completely misses you.
You bump into the wall of the weird stuff which makes up Pandemonium.
You feel less invigorated.
You feel less confused. You block the red devil's attack.
The balrug gestures at you. Something smites you!
* * * LOW HITPOINT WARNING * * *
You block the red devil's attack.
You whack the red devil!
The red devil is moderately wounded.
You block the red devil's attack.
You whack the red devil!
The red devil is heavily wounded.
The balrug gestures at you. Something smites you!
You die...

#..#.## { #..(.. {
####..4.#########
.#......3662.{..3#
........########6#
.#..#...# #6# #
#...# #2# ..3....
#4# #%.###6## #@#
.... #4# #.# .##
#.# #!# ... ..#
#.# ####


You could see a balrug, a sun demon, 2 demonspawn and a red devil.

Vanquished Creatures
  the Royal Jelly (Slime:5)
  3 ancient liches
  3 greater mummies (Tomb:1)
  3 juggernauts
  Mara (Elf:3)
  Sojobo (Crypt:1)
  3 shard shrikes (Coc:1)
  Margery (Depths:5)
  Saint Roka (Elf:1)
  A pandemonium lord (Pan)
  Bai Suzhen (Vaults:4)
  Xtahua (Vaults:3)
  3 caustic shrikes (Depths:3)
  The ghost of tarantulino the Warrior, a veteran HuFi of Ru (Slime:5)
  Geryon (Hell)
  A caustic shrike (shapeshifter) (Depths:3)
  4 curse toes
  8 golden dragons
  Nikola (Elf:2)
  Jory (Tomb:2)
  3 bone dragons
  A doom hound (Tar:1)
  A profane servitor (Crypt:3)
  5 Brimstone Fiends
  9 Tzitzimimeh
  An electric golem (Zot:1)
  13 tentacled monstrosities
  4 Ice Fiends
  5 liches
  4 quicksilver dragons
  A deep elf master archer (Elf:3)
  Asterion (Snake:4)
  5 titans
  3 deep elf blademasters
  26 acid blobs
  An eldritch tentacle (Vaults:2)
  4 death cobs
  16 sphinxes
  Kirke (Swamp:4)
  7 ancient champions
  An Executioner (Pan)
  Gastronok (Lair:2)
  3 thorn hunters
  16 shadow dragons
  11 storm dragons
  6 revenants
  A draconian monk (Depths:5)
  Donald (Swamp:3)
  7 nagarajas
  A warmonger (Pan)
  12 tengu reavers
  19 azure jellies
  2 draconian knights
  18 frost giants
  6 deep elf sorcerers
  A blood saint (Pan)
  16 vault wardens
  7 fire giants
  A curse skull (Crypt:1)
  7 ghost moths
  2 iron dragons
  2 balrugs (Pan)
  3 cacodemons
  Aizul (Depths:1)
  2 draconian scorchers
  The ghost of p0werm0de the Champion of Chaos, a journeyman DDFi of Makhleb (Snake:1)
  An orc warlord (Orc:1)
  6 deep elf elementalists
  A ghoul (Crypt:3)
  A draconian stormcaller (Zot:3)
  2 spriggan defenders (Depths:3)
  17 ironheart preservers
  A draconian annihilator (Zot:2)
  28 very ugly things
  An elemental wellspring (Coc:1)
  12 reapers
  7 war gargoyles
  4 entropy weavers
  6 vampire knights
  23 stone giants
  A corrupter (Pan)
  3 green draconians
  A black sun (Pan)
  9 deep elf demonologists
  9 deep elf annihilators
  8 white draconians
  2 bennus (Tomb:2)
  10 yellow draconians
  3 red draconians
  6 purple draconians
  8 mummy priests
  2 spark wasps (Depths:1)
  5 black draconians
  15 blizzard demons
  3 eidola
  A quicksilver dragon zombie (Tar:1)
  9 deep elf death magi
  An ettin (shapeshifter) (Depths:4)
  20 fire dragons
  A crystal guardian (Vaults:5)
  25 yaktaur captains
  11 ettins
  5 death oozes (Slime:5)
  13 great orbs of eyes
  21 jiangshi
  Harold (D:11)
  A great orb of eyes (shapeshifter) (Vaults:5)
  A hell beast (Pan)
  16 naga warriors
  26 ogre magi
  4 monstrous demonspawn (Pan)
  4 deep elf high priests
  Erolcha (D:13)
  29 vault guards
  A ghost crab (Swamp:4)
  12 anacondas
  18 hydras
  5 spriggan air magi
  11 ice dragons
  9 centaur warriors
  2 catoblepae
  10 rakshasas
  64 two-headed ogres
  23 dancing weapons
  8 death knights
  12 deep troll shamans
  7 death yaks
  13 deep troll earth magi
  A titan zombie (Tar:1)
  A queen ant (shapeshifter) (Depths:4)
  20 hell hogs
  9 death scarabs (Tomb:1)
  14 shock serpents
  2 orc high priests (Elf:1)
  8 naga sharpshooters
  10 tengu warriors
  4 alligators
  4 small abominations
  3 spriggan berserkers
  9 vampire magi
  31 hell knights
  Nergalle (Lair:2)
  10 soul eaters
  2 storm dragon zombies
  9 iron trolls
  A storm dragon skeleton (Coc:1)
  26 deep elf knights
  11 sun demons
  A fire crab (Lair:6)
  2 titan skeletons
  6 shadow wraiths
  2 iron golems (Hell)
  39 skeletal warriors
  4 sixfirhies
  44 deep trolls
  2 golden dragon zombies
  A salamander mystic (Snake:3)
  A spark wasp zombie (Crypt:2)
  9 glowing orange brains
  2 gelid demonspawn (Pan)
  5 shadow demons
  3 spriggan druids (Swamp:4)
  11 naga ritualists
  2 unseen horrors
  4 anaconda zombies
  8 flayed ghosts
  5 wizards
  4 swamp dragons
  2 shambling mangroves
  19 orc knights
  A ghost moth zombie (Tar:1)
  2 infernal demonspawn (Pan)
  2 harpies (shapeshifter) (Vaults:4)
  12 phantasmal warriors
  A lindwurm (shapeshifter) (Depths:1)
  12 deep elf archers
  A golden dragon skeleton (Geh:1)
  17 ironbrand convokers
  3 frost giant zombies
  18 mana vipers
  Pikel (D:8)
  6 anaconda skeletons
  6 harpies (Vaults:2)
  10 necromancers
  5 orc sorcerers
  A fire giant zombie (Geh:1)
  89 deep elf magi
  2 orb spiders (shapeshifter)
  2 wolf spiders (Vaults:3)
  A shining eye (shapeshifter) (Vaults:4)
  2 manticores
  11 salamanders
  7 shining eyes
  A faun (shapeshifter) (Elf:2)
  4 elephants (Lair:3)
  5 oklob plants
  7 cyclopes
  39 ugly things
  A manticore (shapeshifter) (Depths:3)
  A centaur zombie (D:13)
  15 moths of wrath
  A dire elephant zombie (Geh:1)
  Maurice (D:13)
  2 black mambas (shapeshifter)
  A stone giant skeleton (Coc:1)
  A fire giant skeleton (Tar:1)
  An elephant (shapeshifter) (Vaults:2)
  3 ice statues
  A salamander (shapeshifter) (Depths:5)
  2 guardian serpents (Snake:4)
  10 rust devils
  29 naga magi
  22 vault sentinels
  An eye of devastation (shapeshifter) (D:15)
  2 torpor snails
  46 black mambas
  2 frost giant skeletons
  24 spiny frogs
  4 eyes of devastation
  A water nymph (shapeshifter) (Elf:1)
  3 molten gargoyles (Lair:6)
  6 orange demons
  2 gargoyles
  3 dire elephant skeletons
  10 smoke demons
  A kobold demonologist (D:15)
  3 rime drakes (shapeshifter)
  A death yak zombie (Crypt:1)
  A storm dragon simulacrum (Vaults:2)
  10 hellions
  A catoblepas zombie (Tar:1)
  3 rime drakes
  74 yaktaurs
  18 komodo dragons
  9 tormentors
  3 efreet
  4 demonic crawlers (Pan)
  4 hellwings (Pan)
  13 ice devils
  A yaktaur zombie (Vaults:5)
  A komodo dragon (shapeshifter) (Vaults:5)
  An anaconda simulacrum (Coc:1)
  15 guardian mummies
  19 freezing wraiths
  2 yellow draconian skeletons
  6 tengu conjurers
  A hydra zombie (Coc:1)
  2 jumping spiders
  2 wind drakes (shapeshifter)
  A tyrant leech (shapeshifter) (Depths:3)
  10 red devils
  A queen bee (Lair:4)
  3 meliai (Lair:4)
  A jumping spider (shapeshifter) (Vaults:5)
  10 trolls
  A silent spectre (Tar:1)
  4 ice dragon zombies
  A hornet (shapeshifter) (Depths:1)
  2 tyrant leeches
  5 hornets
  6 bog bodies
  2 harpy skeletons
  Grinder (D:6)
  24 blink frogs
  10 dream sheep
  2 raiju (Vaults:2)
  2 polar bears
  121 slime creatures
  2 blink frogs (shapeshifter)
  2 human simulacra
  11 hippogriffs
  6 hydra skeletons
  2 raiju (shapeshifter)
  A fire giant simulacrum (Crypt:3)
  3 alligator zombies
  A fire dragon zombie (Hell)
  3 ettin zombies
  77 flying skulls
  A tarantella (Vaults:4)
  4 redbacks
  9 air elementals
  An ettin skeleton (Coc:2)
  5 spriggans (Swamp:4)
  14 shadows
  A wyvern (shapeshifter) (Depths:3)
  2 alligator skeletons
  4 centaur simulacra
  2 vampires (D:15)
  11 ynoxinuls (Pan)
  A fire dragon skeleton (Coc:1)
  3 wyverns
  2 ice dragon skeletons
  13 water elementals
  48 yaks
  4 ushabtiu
  3 basilisks
  14 wraiths
  A black mamba skeleton (Tar:1)
  12 fire elementals
  12 golden eyes
  3 hogs (Swamp:3)
  A steam dragon (Lair:6)
  2 swamp worm simulacra (Swamp:4)
  16 humans (D:14)
  2 neqoxecs (Pan)
  A steam dragon (shapeshifter) (Depths:3)
  24 vampire mosquitoes
  2 redback simulacra (D:15)
  4 hungry ghosts
  8 wargs
  7 acid dragons
  7 chaos spawn (Pan)
  13 insubstantial wisps
  49 nagas
  2 soldier ants (D:10)
  2 spatial vortices (Vaults:2)
  29 hell hounds
  3 spiny frog zombies
  14 hydra simulacra
  20 swamp worms
  12 water moccasins
  A porcupine (shapeshifter) (Depths:3)
  10 large abominations
  2 slaves (D:8)
  A swamp dragon zombie (Crypt:2)
  47 orc warriors
  6 porcupines
  2 ettin simulacra
  11 swamp drakes
  3 black bears
  2 sky beasts
  The ghost of p0werm0de the Shield-Bearer, an amateur DDFi (D:4)
  10 eyes of draining
  A fire dragon simulacrum (Crypt:3)
  A manticore zombie (Tar:1)
  14 ice beasts
  An alligator simulacrum (Coc:1)
  59 ogres
  21 boggarts
  5 phantoms
  A black mamba simulacrum (Crypt:3)
  6 wolves
  A centaur (shapeshifter) (Vaults:2)
  19 centaurs
  12 necrophages
  11 crocodiles
  2 elf simulacra (Vaults:5)
  3 big kobolds
  17 bullfrogs
  3 earth elementals
  A gnoll sergeant (D:6)
  A spiny frog simulacrum (Hell)
  An elf skeleton (Geh:1)
  A komodo dragon skeleton (Crypt:1)
  2 wyvern skeletons
  6 scorpions
  A spriggan zombie (Crypt:2)
  A killer bee (shapeshifter) (Depths:1)
  A raiju zombie (Crypt:2)
  25 killer bees
  28 wights
  2 electric eels
  A howler monkey (D:11)
  10 crimson imps
  5 lava snakes (Lair:6)
  2 human zombies
  3 iron imps (Depths:1)
  22 jellies
  8 hounds
  A quasit (D:13)
  16 orc priests
  8 centaur skeletons
  22 orc wizards
  2 bullfrog skeletons
  A human skeleton (Tar:1)
  3 iguanas
  Natasha (thrice) (D:2)
  10 hell rats
  21 worker ants
  4 lightning spires (Vaults:2)
  2 tengu zombies
  A dwarf zombie (Crypt:1)
  A demigod zombie (Crypt:2)
  A crocodile skeleton (Crypt:2)
  A felid skeleton (Crypt:1)
  2 big kobold skeletons (Crypt:1)
  2 hound skeletons
  29 mummies
  13 adders
  12 gnolls
  8 shadow imps
  17 white imps
  11 ufetubi
  4 oozes
  6 swamp drake simulacra (Swamp:4)
  An adder zombie (D:5)
  2 adder skeletons
  A worm (shapeshifter) (Depths:3)
  6 worms
  A dart slug (D:3)
  10 leopard geckos
  107 orcs
  4 bats
  11 giant cockroaches
  4 goblins
  6 hobgoblins
  13 jackals
  2 quokkas
  2 ball pythons
  5 frilled lizards
  A jackal skeleton (D:7)
  21 kobolds
  A kobold zombie (Hell)
  A leopard gecko skeleton (D:5)
  An orc skeleton (Crypt:1)
  5 rats
  A rat (shapeshifter) (Depths:4)
  3 butterflies (D:10)
  2 crawling corpses (Elf:3)
  A fire vortex (Depths:3)
  2 fungi (Lair:1)
  2 plants
3403 creatures vanquished.

Vanquished Creatures (collateral kills)
  An acid blob (Lair:5)
  A slime creature (Lair:5)
2 creatures vanquished.

Vanquished Creatures (others)
  Boris (Vaults:3)
  A deep elf master archer (Elf:3)
  A reaper (IceCv)
  4 stone giants
  A fire dragon (Depths:3)
  4 yaktaur captains
  A naga warrior (Snake:4)
  2 centaur warriors
  A death scarab (Tomb:2)
  A hell hog (Depths:1)
  3 naga sharpshooters (Snake:4)
  A deep elf knight (Elf:2)
  A swamp dragon (Swamp:4)
  A shambling mangrove (Swamp:4)
  A wizard (Vaults:2)
  6 deep elf archers
  A deep elf mage (Elf:3)
  2 necromancers
  A mana viper (Snake:3)
  A black mamba (Snake:4)
  A smoke demon (Depths:1)
  A freezing wraith (Vaults:2)
  20 yaktaurs
  A troll (Elf:1)
  A hornet (Swamp:3)
  A flying skull (Tomb:2)
  A swamp worm (Swamp:3)
  An orc warrior (Elf:2)
  A swamp drake (Swamp:4)
  9 centaurs
  2 ogres
  2 boggarts (Depths:4)
  A worker ant (D:12)
  A hell rat (Depths:1)
  4 white imps (IceCv)
  6 ufetubi (IceCv)
  3 orcs
  A kobold (D:11)
  8 briar patches
  A bush (Lair:6)
  A fire vortex (Pan)
  22 fungi
  15 plants
139 creatures vanquished.

Grand Total: 3544 creatures vanquished

Notes
Turn   | Place    | Note
-------+----------+-------------------------------------------
     0 | D:1      | ponchio the Gargoyle Fighter began the quest for the Orb.
     0 | D:1      | Reached XP level 1. HP: 14/14 MP: 1/1
   183 | D:1      | Reached XP level 2. HP: 20/20 MP: 2/2
   462 | D:1      | Reached skill level 4 in Fighting
  1187 | D:2      | Reached XP level 3. HP: 16/24 MP: 3/3
  1300 | D:2      | Noticed Natasha
  1305 | D:2      | Killed Natasha
  1305 | D:2      | Reached XP level 4. HP: 22/30 MP: 4/4
  1341 | D:2      | Noticed Natasha
  1351 | D:2      | Killed Natasha
  1930 | D:2      | Noticed Natasha
  1935 | D:2      | Killed Natasha
  1935 | D:2      | Reached skill level 5 in Fighting
  1935 | D:2      | Reached XP level 5. HP: 35/35 MP: 5/5
  3169 | D:3      | Found a burning altar of Makhleb.
  3169 | D:3      | Noticed a blizzard demon
  3418 | D:3      | Found a burning altar of Makhleb.
  3855 | D:4      | Reached XP level 6. HP: 38/41 MP: 6/6
  4050 | D:4      | Noticed a phantom
  4110 | D:4      | Killed a phantom
  4110 | D:4      | Reached skill level 6 in Fighting
  4110 | D:4      | Reached skill level 5 in Maces & Flails
  4208 | D:4      | Reached XP level 7. HP: 44/47 MP: 7/7
  4373 | D:4      | Noticed p0werm0de's ghost (amateur DDFi)
  4382 | D:4      | Killed p0werm0de's ghost
  5070 | D:5      | Entered Level 5 of the Dungeon
  5161 | D:5      | Found a staircase to the Ecumenical Temple.
  5165 | D:5      | Reached skill level 7 in Fighting
  5199 | Temple   | Entered the Ecumenical Temple
  5302 | Temple   | Became a worshipper of Qazlal Stormbringer
  5430 | D:5      | Reached XP level 8. HP: 54/54 MP: 8/8
  5881 | D:5      | Reached skill level 8 in Fighting
  6750 | D:5      | Found a staircase to the Ecumenical Temple.
  7202 | D:6      | Reached skill level 9 in Fighting
  7206 | D:6      | Gained mutation: Your spells are a little harder to cast, but a little more powerful. [mutagenic meat]
  7207 | D:6      | Gained mutation: Your magical capacity is low. (-10% MP) [mutagenic meat]
  7208 | D:6      | Gained mutation: Your flesh is heat resistant. (rF+) [mutagenic meat]
  7209 | D:6      | Lost mutation: Your spells are a little harder to cast, but a little more powerful. [mutagenic meat]
  7210 | D:6      | Gained mutation: You do not regenerate when monsters are visible. [mutagenic meat]
  7211 | D:6      | Gained mutation: Your movements are slightly less encumbered by armour. (ER -2) [mutagenic meat]
  7385 | D:6      | Reached * piety under Qazlal
  7682 | D:6      | Noticed Grinder
  7687 | D:6      | Paralysed by Grinder for 7 turns
  7701 | D:6      | Killed Grinder
  7701 | D:6      | Reached XP level 9. HP: 31/61 MP: 8/8
  8244 | D:6      | Reached skill level 1 in Dodging
  9239 | D:7      | Reached skill level 5 in Armour
  9276 | D:7      | Reached ** piety under Qazlal
  9656 | D:8      | Found Egrun's Jewellery Shoppe.
  9667 | D:8      | Bought an uncursed ring of protection from magic for 375 gold pieces
 10173 | D:8      | Noticed Pikel
 10197 | D:8      | Killed Pikel
 10197 | D:8      | Reached XP level 10. HP: 27/66 MP: 9/9
 11303 | D:9      | Found Padop's Assorted Antiques.
 11353 | D:9      | Reached skill level 5 in Dodging
 11850 | D:9      | Reached *** piety under Qazlal
 11951 | D:9      | Found a staircase to the Orcish Mines.
 11981 | D:9      | Reached skill level 5 in Shields
 12272 | D:9      | Found a burning altar of Makhleb.
 12292 | D:9      | Got an ancient hunting sling
 12294 | D:9      | Identified the +11 hunting sling of Qywor {venom, Str+4} (You found it on level 9 of the Dungeon)
 12613 | D:9      | Found Padop's Assorted Antiques.
 12679 | D:9      | Found a staircase to the Orcish Mines.
 12957 | D:9      | Found a burning altar of Makhleb.
 13200 | Orc:1    | Entered Level 1 of the Orcish Mines
 13207 | Orc:1    | Noticed an orc sorcerer
 13208 | Orc:1    | Noticed an orc warlord
 13284 | D:10     | Entered Level 10 of the Dungeon
 13501 | D:10     | Reached XP level 11. HP: 54/71 MP: 9/9
 13506 | D:10     | Reached **** piety under Qazlal
 13698 | D:9      | Bought a smoking ring mail for 252 gold pieces
 13708 | D:9      | Identified the +5 ring mail "Qoysuidgh" {Int+6 Dex-2 SInv} (You bought it in a shop on level 9 of the Dungeon)
 13778 | D:10     | Found a runed door.
 13841 | D:10     | Found a runed door.
 14907 | D:11     | Noticed Harold
 14910 | D:11     | Found a staircase to the Lair.
 14910 | D:11     | Noticed an oklob plant
 14932 | D:11     | Killed Harold
 15189 | D:11     | Noticed a purple ugly thing
 15207 | D:11     | Killed a purple ugly thing
 15245 | D:11     | Killed an oklob plant
 15547 | D:11     | Noticed a five-headed hydra
 15559 | D:11     | Killed a five-headed hydra
 15784 | D:11     | Noticed a two-headed ogre
 15789 | D:11     | Killed a two-headed ogre
 16045 | D:11     | Got a pearl-encrusted ring mail
 16060 | D:11     | Identified the +4 ring mail "Wigy" {+Fly rElec rPois Stlth+} (You found it on level 11 of the Dungeon)
 16439 | D:11     | Found a staircase to the Lair.
 16952 | Lair:1   | Entered Level 1 of the Lair of Beasts
 17264 | Lair:1   | Reached XP level 12. HP: 77/77 MP: 10/10
 18042 | Lair:2   | Reached skill level 10 in Shields
 18054 | Lair:2   | Noticed a death yak
 18056 | Lair:2   | Noticed Gastronok
 18056 | Lair:2   | Noticed a death yak
 18069 | Lair:2   | Noticed a four-headed hydra
 18078 | Lair:2   | Noticed Nergalle
 18138 | Lair:2   | Found a frozen archway.
 18149 | IceCv    | Entered an ice cave
 18197 | IceCv    | Reached ***** piety under Qazlal
 18210 | IceCv    | Killed a reaper
 18630 | IceCv    | Reached skill level 10 in Dodging
 19430 | Lair:2   | Killed Nergalle
 19436 | Lair:2   | Killed a four-headed hydra
 19457 | Lair:2   | Killed a death yak
 19466 | Lair:2   | Killed a death yak
 19619 | Lair:2   | Reached skill level 10 in Fighting
 19695 | Lair:2   | Killed Gastronok
 19695 | Lair:2   | Reached XP level 13. HP: 72/83 MP: 9/11
 20369 | Lair:3   | Reached skill level 11 in Fighting
 20423 | Lair:3   | Found a staircase to the Swamp.
 20583 | Lair:3   | Reached skill level 10 in Maces & Flails
 20595 | Lair:3   | Found a staircase to the Snake Pit.
 22402 | Lair:4   | Reached skill level 12 in Fighting
 23308 | Lair:5   | Gained mutation: Your large and strong wings let you fly indefinitely. [Gargoyle growth]
 23308 | Lair:5   | Reached XP level 14. HP: 86/92 MP: 10/12
 23420 | Lair:5   | Reached ****** piety under Qazlal
 23423 | Lair:5   | Reached skill level 13 in Fighting
 23894 | Lair:5   | Found a staircase to the Slime Pits.
 24380 | Lair:5   | You are sucked into a shaft!
 24380 | Lair:6   | Entered Level 6 of the Lair of Beasts
 24715 | Lair:6   | Reached skill level 14 in Fighting
 24927 | Lair:6   | Found a large runed door.
 24928 | Lair:6   | Found a large runed door.
 25613 | Lair:6   | Identified a scroll of acquirement
 25614 | Lair:6   | Got a pair of twisted gloves
 25620 | Lair:6   | Identified the +0 pair of gloves of Misicer {rPois rN+ Str+3} (You acquired it on level 6 of the Lair of Beasts)
 26528 | Snake:1  | Entered Level 1 of the Snake Pit
 26536 | Snake:1  | Noticed p0werm0de's ghost (journeyman DDFi)
 26541 | Snake:1  | Reached XP level 15. HP: 91/101 MP: 11/13
 26922 | Swamp:1  | Entered Level 1 of the Swamp
 28475 | Swamp:3  | Noticed a thorn hunter
 28496 | Swamp:3  | Killed a thorn hunter
 28496 | Swamp:3  | Reached skill level 15 in Fighting
 28756 | Swamp:3  | Got a smoking halberd
 28757 | Swamp:3  | Identified the +6 halberd of the Magi {chop, +Rage rElec SInv} (You found it on level 3 of the Swamp)
 28900 | Swamp:4  | Entered Level 4 of the Swamp
 28921 | Swamp:4  | Reached skill level 1 in Invocations
 28960 | Swamp:4  | Noticed Donald
 28963 | Swamp:4  | Noticed a thorn hunter
 29257 | Swamp:3  | Killed a thorn hunter
 29324 | Swamp:3  | Killed Donald
 29596 | Swamp:4  | Noticed Kirke
 29611 | Swamp:4  | Killed Kirke
 29611 | Swamp:4  | Reached skill level 5 in Invocations
 29611 | Swamp:4  | Reached XP level 16. HP: 100/108 MP: 16/18
 29954 | Swamp:4  | Noticed an azure jelly
 30129 | Swamp:4  | Killed an azure jelly
 30846 | Swamp:4  | Noticed a thorn hunter
 30847 | Swamp:4  | Noticed an azure jelly
 30890 | Swamp:4  | Killed a thorn hunter
 31620 | Swamp:4  | Got a decaying rune of Zot
 31720 | Swamp:4  | Killed an azure jelly
 32379 | Orc:2    | Entered Level 2 of the Orcish Mines
 32656 | Orc:2    | Reached skill level 16 in Fighting
 32816 | Orc:2    | Found a staircase to the Elven Halls.
 32999 | Orc:2    | Found Wipeink's Gadget Boutique.
 32999 | Orc:2    | Found Deqeneuni's Jewellery Shoppe.
 32999 | Orc:2    | Found Gywkuc's Food Shoppe.
 32999 | Orc:2    | Found Guva's Book Shop.
 33306 | Elf:1    | Entered Level 1 of the Elven Halls
 33825 | Elf:1    | Reached XP level 17. HP: 57/115 MP: 16/20
 34672 | Elf:1    | Reached skill level 15 in Maces & Flails
 35570 | Snake:1  | Killed p0werm0de's ghost
 35723 | Snake:1  | Found Inaiw's Jewellery Shop.
 35737 | Snake:1  | Found Bucekana's Gadget Emporium.
 35738 | Snake:1  | Found Doakhion's Jewellery Shop.
 37261 | Snake:2  | Got a warped jade amulet
 37477 | Snake:2  | Reached skill level 17 in Fighting
 38523 | Snake:2  | Reached XP level 18. HP: 98/123 MP: 16/21
 40007 | Snake:3  | Identified the amulet of the Shrike {Inacc Dex+2} (You found it on level 2 of the Snake Pit)
 40028 | Snake:4  | Entered Level 4 of the Snake Pit
 41119 | Snake:4  | Noticed Asterion
 41146 | Snake:4  | Killed Asterion
 41237 | Snake:4  | Reached XP level 19. HP: 69/130 MP: 17/23
 41966 | Snake:4  | Got a serpentine rune of Zot
 42652 | D:12     | Reached skill level 15 in Shields
 42744 | D:12     | Reached skill level 10 in Invocations
 43013 | D:12     | Found a blossoming altar of Fedhas.
 43320 | D:12     | Found a blossoming altar of Fedhas.
 43653 | D:13     | Noticed Erolcha
 43671 | D:13     | Killed Erolcha
 43743 | D:13     | Noticed Maurice
 43743 | D:13     | Reached skill level 18 in Fighting
 43753 | D:13     | Killed Maurice
 45055 | D:14     | Found Jowuol's Gadget Shop.
 45410 | D:14     | Found a gate to the Vaults.
 46310 | D:14     | Found Jowuol's Gadget Shop.
 46655 | D:14     | Found a gate to the Vaults.
 46730 | D:15     | Entered Level 15 of the Dungeon
 46756 | D:15     | Found a portal to a secret trove of treasure.
 47106 | D:15     | Found an ancient bone altar of Kikubaaqudgha.
 47435 | D:15     | Found a staircase to the Depths.
 47598 | Depths:1 | Entered Level 1 of the Depths
 47954 | Vaults:1 | Entered Level 1 of the Vaults
 48173 | Vaults:1 | Reached XP level 20. HP: 135/136 MP: 26/26
 51372 | Vaults:2 | Found a staircase to the Crypt.
 51544 | Vaults:2 | Reached skill level 15 in Dodging
 52019 | Vaults:2 | Got a smoking scale mail
 52025 | Vaults:2 | Found Byvoa's Assorted Antiques.
 52035 | Vaults:2 | Bought a potion of curing for 90 gold pieces
 52176 | Vaults:2 | Reached skill level 10 in Armour
 52686 | Vaults:2 | Reached XP level 21. HP: 114/142 MP: 28/28
 53873 | Vaults:2 | Identified the Catalogue of Lightness
 54344 | Vaults:2 | Identified the Volume of Translocation
 55149 | Depths:1 | Reached skill level 19 in Fighting
 55165 | Depths:1 | Noticed Aizul
 55185 | Depths:1 | Killed Aizul
 55733 | Depths:1 | Found a gateway to Hell.
 55863 | Depths:1 | Reached skill level 15 in Invocations
 55879 | Depths:1 | Got a flickering golden amulet
 55905 | Depths:1 | Found Jintusy's Book Shop.
 56514 | Depths:1 | Identified the cursed +0 scale mail of the Alphagorgon {Str+2} (You found it on level 2 of the Vaults)
 56515 | Depths:1 | Identified the amulet of Zoatsenn {Harm *Drain Fragile rC+ Str+5} (You found it on level 1 of the Depths)
 58081 | Depths:3 | Found a one-way gate to the infinite horrors of the Abyss.
 58536 | Depths:3 | Reached XP level 22. HP: 150/150 MP: 30/30
 59021 | Depths:3 | Noticed a caustic shrike
 59038 | Depths:3 | Killed a caustic shrike
 59548 | Depths:3 | Noticed a golden dragon
 59594 | Depths:3 | Killed a golden dragon
 59949 | Depths:3 | Noticed a caustic shrike
 59968 | Depths:3 | Killed a caustic shrike
 60439 | Depths:3 | Noticed a caustic shrike
 60439 | Depths:3 | a shadow dragon changed into a caustic shrike
 60451 | Depths:3 | Killed a caustic shrike
 60615 | Depths:3 | Found a shattered altar of Ashenzari.
 60940 | Depths:3 | Got a pitted iron amulet
 61449 | Depths:3 | Noticed a juggernaut
 61466 | Depths:3 | Killed a juggernaut
 61686 | Depths:3 | Noticed a caustic shrike
 61713 | Depths:3 | Killed a caustic shrike
 61713 | Depths:3 | Reached XP level 23. HP: 146/156 MP: 31/31
 61947 | Depths:3 | Identified Sif Muna's Grimoire of Conjuration
 62098 | Depths:3 | Found a one-way gate leading to the halls of Pandemonium.
 63075 | Depths:4 | Noticed a juggernaut
 63101 | Depths:4 | Killed a juggernaut
 63558 | Depths:4 | Identified the amulet "Gobetiom" {Gourm Dex+6} (You took it off a spriggan defender on level 3 of the Depths)
 63707 | Depths:4 | Reached skill level 20 in Fighting
 63923 | Depths:4 | Found a gateway to a ziggurat.
 64127 | Depths:4 | Got a polished bardiche {chop}
 64452 | Depths:3 | Identified the cursed +2 bardiche of Res Nullius {chop, rF- rN+ MR+} (You took it off a fire giant on level 4 of the Depths)
 64773 | Depths:4 | Identified the Reference Book on Hexes
 65316 | Depths:4 | Reached XP level 24. HP: 155/163 MP: 31/32
 65973 | Depths:4 | Found a gateway to a ziggurat.
 66345 | Depths:5 | Entered Level 5 of the Depths
 66380 | Depths:5 | Noticed Margery
 66405 | Depths:5 | Killed Margery
 66976 | Depths:5 | Noticed a juggernaut
 67243 | Depths:4 | Killed a juggernaut
 68436 | Depths:5 | Got a pair of spiked gloves
 68447 | Depths:5 | Identified the +0 pair of gloves of Ijaffi {*Drain MR++ Regen+ rCorr} (You acquired it on level 5 of the Depths)
 68681 | Depths:5 | Found a gate to the Realm of Zot.
 69520 | Elf:2    | Noticed Saint Roka
 69732 | Elf:1    | Killed Saint Roka
 69985 | Elf:2    | Reached XP level 25. HP: 162/170 MP: 32/32
 70107 | Elf:2    | Found a runed gate.
 70107 | Elf:2    | Found a runed gate.
 70107 | Elf:2    | Found a runed gate.
 70201 | Elf:2    | Noticed Nikola
 70416 | Elf:2    | Killed Nikola
 70626 | Elf:2    | Reached skill level 21 in Fighting
 70942 | Elf:3    | Entered Level 3 of the Elven Halls
 70944 | Elf:3    | Found an ancient bone altar of Kikubaaqudgha.
 71014 | Elf:3    | Noticed Mara
 71049 | Elf:3    | Killed Mara
 71099 | Elf:3    | Found Voshak's Food Shoppe.
 72229 | Elf:3    | Got a twitching copper ring
 72231 | Elf:3    | Identified the ring of Moleagaa {*Corrode +Fly MR+ Int+3} (You took it off a deep elf demonologist on level 3 of the Elven Halls)
 72706 | Elf:3    | Got a spiked chain mail
 72730 | Elf:3    | Identified the +2 chain mail of the Echidna {Int+5 Stlth+} (You found it on level 3 of the Elven Halls)
 72828 | Elf:3    | Identified the Papyrus of Evil Magic and Changing
 72908 | Elf:3    | Got a pair of dazzling boots
 72956 | Elf:3    | Got an ancient hunting sling
 73298 | Lair:1   | Identified the +12 hunting sling of the Beast {freeze, rElec rN+ Str+7} (You found it on level 3 of the Elven Halls)
 73323 | Lair:1   | Identified the +1 pair of boots "Quts" {rPois Stlth+} (You found it on level 3 of the Elven Halls)
 73498 | Snake:1  | Bought an uncursed ring of positive energy for 340 gold pieces
 74267 | Crypt:1  | Entered Level 1 of the Crypt
 75267 | Crypt:1  | Got a pair of dazzling boots
 75280 | Crypt:1  | Identified the +0 pair of boots of Dishonesty {Str+2} (You found it on level 1 of the Crypt)
 75529 | Crypt:2  | Noticed Sojobo
 75560 | Crypt:1  | Killed Sojobo
 75919 | Crypt:2  | Reached XP level 26. HP: 156/177 MP: 29/32
 76466 | Crypt:3  | Entered Level 3 of the Crypt
 77146 | Crypt:3  | Found an ancient bone altar of Kikubaaqudgha.
 78200 | Crypt:3  | Noticed an ancient lich
 78200 | Crypt:3  | Found a staircase to the Tomb.
 78228 | Crypt:3  | Killed an ancient lich
 78228 | Crypt:3  | Reached skill level 22 in Fighting
 78672 | Vaults:3 | Noticed Boris
 78698 | Vaults:3 | Killed Boris
 79279 | Vaults:3 | Noticed Xtahua
 79291 | Vaults:3 | Killed Xtahua
 79291 | Vaults:3 | Reached XP level 27. HP: 166/184 MP: 30/33
 79897 | Vaults:3 | Got an encrusted leather armour
 79936 | Vaults:3 | Identified the +1 leather armour of Edaphizxe {rElec rN++ MR- Regen+} (You found it on level 3 of the Vaults)
 80354 | Vaults:4 | Noticed Bai Suzhen
 80419 | Vaults:4 | Killed Bai Suzhen
 80576 | Vaults:4 | Got a brightly glowing steel amulet
 80585 | Vaults:4 | Identified the amulet of Attitude {-Tele rF+ rN++ Regen+ Stlth+} (You found it on level 4 of the Vaults)
 82255 | Hell     | Entered the Vestibule of Hell
 82255 | Hell     | Noticed Geryon
 82697 | Depths:1 | Gained mutation: Potions are less effective at restoring your health. [a cacodemon]
 83454 | Hell     | Killed Geryon
 83517 | Hell     | Found a gateway to the decaying netherworld of Tartarus.
 83898 | Hell     | Found a gateway to the Iron City of Dis.
 84059 | Hell     | Found a gateway to the ashen valley of Gehenna.
 84283 | Hell     | Found a gateway to the freezing wastes of Cocytus.
 85038 | Dis:1    | Entered Level 1 of the Iron City of Dis
 85577 | Vaults:5 | Entered Level 5 of the Vaults
 85750 | Vaults:4 | Reached skill level 23 in Fighting
 85871 | Vaults:5 | Reached skill level 1 in Evocations
 86167 | Vaults:5 | Noticed an ancient lich
 86364 | Vaults:4 | Killed an ancient lich
 86500 | Vaults:5 | Gained mutation: Armour fits poorly on your strangely shaped body. [a shining eye]
 87294 | Vaults:5 | Got a silver rune of Zot
 87312 | Vaults:5 | Got a polished broad axe
 87900 | Vaults:5 | Got a ring of the Octopus King
 87928 | Vaults:5 | Identified Sif Muna's Tome of Glacial Transmigration
 88645 | Vaults:5 | Identified the Incunabulum of the Displaced Escort
 88649 | Vaults:5 | Got a crude rapier
 88651 | Vaults:5 | Identified the +4 rapier of Infinity {drain, +Rage Str-5 Stlth+} (You found it on level 5 of the Vaults)
 88981 | Vaults:5 | Identified a ring of the Octopus King {rN+ AC+1 EV+1 Str+1 Int+1 Dex+1} (You took it off a yaktaur on level 5 of the Vaults)
 89004 | Vaults:5 | Identified the +5 broad axe "Huduo" {protect, MP+9} (You found it on level 5 of the Vaults)
 89372 | Zot:1    | Entered Level 1 of the Realm of Zot
 89631 | Zot:1    | Got an opalescent robe
 89669 | Zot:1    | Identified the +2 robe of the Aged Cities {MR+ Int-4 Dex+4} (You found it on level 1 of the Realm of Zot)
 90445 | Zot:2    | Identified Kymerij's Catalogue of Hexes
 92013 | Zot:3    | Reached skill level 24 in Fighting
 93590 | Zot:4    | Got a pair of bloodstained boots
 93602 | Zot:4    | Identified the +1 pair of boots of Resilience {Str+4} (You found it on level 4 of the Realm of Zot)
 94041 | Geh:1    | Entered Level 1 of Gehenna
 94634 | Coc:1    | Entered Level 1 of Cocytus
 94819 | Coc:1    | Gained mutation: You tend to lose your temper in combat. [mutagenic glow]
 95755 | Hell     | Gained mutation: You are frail. (-10% HP) [mutagenic glow]
 96001 | Tar:1    | Entered Level 1 of Tartarus
 98344 | Slime:1  | Entered Level 1 of the Pits of Slime
 98356 | Slime:1  | Gained mutation: You are clumsy. (Dex -2) [a shining eye]
 98359 | Slime:1  | Gained mutation: Your body sometimes deteriorates upon taking damage. [a shining eye]
 98372 | Slime:1  | Gained mutation: You are weak. (Str -2) [a shining eye]
 98377 | Slime:1  | Gained mutation: Your body often deteriorates upon taking damage. [a shining eye]
 98389 | Lair:5   | HP: 6/172 [acid (6)]
 98614 | Slime:1  | Gained mutation: You expend magic power (3 MP) to strengthen your wands. [a shining eye]
 99348 | Slime:2  | Gained mutation: You are very weak. (Str -4) [a shining eye]
 99349 | Slime:2  | Gained mutation: You are dopey. (Int -2) [a shining eye]
 99361 | Slime:2  | Gained mutation: You are very clumsy. (Dex -4) [a shining eye]
 99363 | Slime:2  | Gained mutation: Potions are poor at restoring your health. [a shining eye]
 99375 | Slime:2  | Gained mutation: Your magical capacity is very low. (-20% MP) [a shining eye]
 99940 | Slime:3  | Gained mutation: You occasionally shout uncontrollably at your foes. [a shining eye]
 99943 | Slime:3  | Gained mutation: You often lose your temper in combat. [a shining eye]
100005 | Slime:3  | Gained mutation: Your spells are a little easier to cast, but a little less powerful. [a shining eye]
100013 | Slime:3  | Gained mutation: You are very dopey. (Int -4) [a shining eye]
100989 | Slime:5  | Entered Level 5 of the Pits of Slime
101012 | Slime:5  | Reached skill level 25 in Fighting
101019 | Slime:5  | Noticed the Royal Jelly
101024 | Slime:5  | Gained mutation: You are occasionally teleported next to monsters. [a shining eye]
101025 | Slime:5  | Killed the Royal Jelly
101044 | Slime:5  | Noticed tarantulino's ghost (veteran HuFi)
101195 | Slime:5  | Killed tarantulino's ghost
101439 | Slime:5  | Got a fine demon blade
101442 | Slime:5  | Got a faintly glowing flail
101495 | Slime:5  | Got a slimy rune of Zot
101512 | Slime:5  | Identified Bifa's Lost Incunabulum of the Blind Seer
101522 | Slime:5  | Identified the Catalogue of Moulding and the Rocks
101546 | Slime:5  | Identified the cursed +1 demon blade "Ethreot" {pain, Str+2 SInv} (You found it on level 5 of the Pits of Slime)
101547 | Slime:5  | Identified the +1 flail "Newtbane" {flame, rN+ Str+7 Int-2} (You found it on level 5 of the Pits of Slime)
102358 | Tomb:1   | Entered Level 1 of the Tomb of the Ancients
103075 | Tomb:1   | Noticed a greater mummy
103128 | Tomb:1   | Killed a greater mummy
103133 | Tomb:1   | Noticed a greater mummy
103153 | Tomb:1   | Killed a greater mummy
103420 | Tomb:1   | Noticed a greater mummy
103462 | Tomb:1   | Killed a greater mummy
104182 | Tomb:2   | Noticed a greater mummy
104182 | Tomb:2   | Noticed a greater mummy
104183 | Tomb:2   | Noticed an ancient lich
104183 | Tomb:2   | Noticed a greater mummy
104184 | Tomb:2   | Noticed Jory
104186 | Tomb:2   | Noticed Khufu
104189 | Tomb:2   | Killed an ancient lich
104233 | Tomb:2   | Killed Jory
104889 | Pan      | Entered Pandemonium
105069 | Pan      | Found an exit through the horrors of the Abyss.
105331 | Pan      | Noticed Qiegh the pandemonium lord
105365 | Pan      | Noticed Rinitasu the pandemonium lord
105386 | Pan      | Killed Rinitasu the pandemonium lord
105391 | Pan      | Got a smoking shield
105392 | Pan      | Identified the +2 shield "Ujeure" {rElec rF+ rC+ Int+2} (You acquired it in Pandemonium)
106037 | Pan      | Found an exit through the horrors of the Abyss.
106632 | Pan      | Got an ancient triple sword
106634 | Pan      | Identified the +8 triple sword "Nifoif" {slice, rF+ Str-5 Dex+6 SInv} (You found it in Pandemonium)
106847 | Pan      | Noticed Icunkozi the pandemonium lord
106950 | Pan      | Killed from afar by a balrug

Skill      XL: |  1  2  3  4  5  6  7  8  9 10 11 12 13 14 15 16 17 18 19 20 21 22 23 24 25 26 27 |
---------------+----------------------------------------------------------------------------------+-----
Fighting       | 4 5 6 7 9 10 12 14 15 16 17 18 19 20 21 22 25 | 25.8
Maces & Flails | 3 4 5 6 8 9 11 13 14 15 16 17 18 19 20 23 | 23.8
Armour         | 6 7 8 10 11 12 13 | 13.9
Dodging        | 4 6 9 10 11 12 13 14 15 16 17 18 21 | 21.0
Shields        | 6 9 11 12 13 14 15 16 17 18 19 20 24 | 24.4
Invocations    | 5 7 9 12 14 15 16 17 18 19 23 | 23.9
Evocations     | 4 |  4.0

Action                   |  1- 3 |  4- 6 |  7- 9 | 10-12 | 13-15 | 16-18 | 19-21 | 22-24 | 25-27 || total
-------------------------+-------+-------+-------+-------+-------+-------+-------+-------+-------++-------
Melee: Flail             |    87 |   214 |   114 |       |       |       |       |       |    46 ||   461
       Whip              |       |       |   324 |   918 |  1595 |  1981 |  3024 |   348 |       ||  8190
       Demon whip        |       |       |       |       |       |       |       |  2195 |  7489 ||  9684
       Broad axe         |       |       |       |       |       |       |       |       |    12 ||    12
Throw: Tomahawk          |       |       |     5 |     7 |       |       |       |       |       ||    12
Invok: Disaster Area     |       |       |       |       |       |       |       |       |    16 ||    16
       Upheaval          |       |       |       |       |       |       |       |       |     1 ||     1
 Abil: Fly               |       |       |       |       |     1 |       |     1 |       |     1 ||     3
       Stop Flying       |       |       |       |       |       |       |     1 |       |     1 ||     2
Evoke: Wand              |       |       |       |     3 |       |     4 |       |       |       ||     7
       Fan of gales      |       |       |       |       |       |       |       |       |     1 ||     1
  Use: Scroll            |       |     7 |    12 |    14 |    16 |     4 |     5 |     9 |    24 ||    91
       Potion            |       |       |     1 |     2 |     4 |     5 |     4 |       |    27 ||    43
 Stab: Confused          |       |       |       |     3 |       |       |       |       |       ||     3
  Eat: Chunk             |     1 |     9 |    23 |    27 |    19 |    18 |    27 |    23 |    37 ||   184
       Fruit             |       |       |     1 |     7 |    13 |     3 |     7 |     7 |    21 ||    59
       Royal jelly       |       |       |       |       |     1 |     1 |     5 |     2 |     4 ||    13
       Meat ration       |       |       |       |       |       |     3 |     2 |     1 |    10 ||    16
       Bread ration      |       |       |       |       |       |       |     1 |       |     3 ||     4
Armor: Scale mail        |    14 |       |       |       |       |       |       |       |       ||    14
       Ring mail         |    34 |    96 |   159 |   146 |   231 |   326 |   311 |   394 |  1431 ||  3128
       Crystal plate arm |       |       |       |    13 |       |       |       |       |       ||    13
Dodge: Dodged            |    30 |    89 |   113 |   207 |   476 |   586 |   650 |   672 |  2472 ||  5295
       Deflected         |       |       |       |     5 |    16 |    60 |    50 |    33 |    72 ||   236
Block: Shield            |    56 |   105 |   203 |   565 |  1225 |  1704 |  1823 |  1881 |  6489 || 14051
       Reflection        |       |       |       |       |       |   117 |   178 |   121 |   180 ||   596
